 Dungeon Crawl Stone Soup version 0.26-a0-466-g989023bd0d (webtiles) character file.

Game seed: 8804535210558173884

4599 applic the Cleaver (level 10, -6/98 HPs)
             Began as a Deep Dwarf Fighter on Aug 3, 2020.
             Killed from afar by an electric eel (8 damage)
             ... with a bolt of electricity
             ... on level 7 of the Dungeon.
             The game lasted 00:28:05 (6071 turns).

applic the Cleaver (Deep Dwarf Fighter)             Turns: 6071, Time: 00:28:06

Health: -6/98      AC: 23    Str: 23    XL:     10   Next: 19%
Magic:  3/3        EV:  2    Int:  9    God:
Gold:   478        SH: 12    Dex: 12    Spells: 9/9 levels left

rFire    + . .     SeeInvis .   b - +0 hand axe (vorpal)
rCold    . . .     Faith    .   c - +1 kite shield
rNeg     . . .     Spirit   .   v - +0 crystal plate armour
rPois    +         Reflect  .   s - +0 helmet
rElec    .         Harm     .   (no cloak)
rCorr    .                      y - +2 pair of gloves
MR       +....                  (no boots)
Stlth    ..........             (no amulet)
HPRegen  0.00/turn              t - ring of poison resistance
MPRegen  0.08/turn              x - ring of protection from fire

@: non-regenerating, studying 2 skills, very slow
A: damage resistance, heal wounds, sense surroundings 2, no regeneration
a: Heal Wounds


You were on level 7 of the Dungeon.
You visited 2 branches of the dungeon, and saw 8 of its levels.
You also visited: Bailey.

You collected 478 gold pieces.

Inventory:

Hand Weapons
 b - a +0 vorpal hand axe (weapon)
 u - the +0 whip of Kah Inn {vorpal, Dex+4}
   (You found it on level 5 of the Dungeon)

   It inflicts extra damage upon your enemies.
   It affects your dexterity (+4).
Armour
 c - a +1 kite shield (worn)
 m - a +0 chain mail of magic resistance
 s - a +0 helmet (worn)
 v - a +0 crystal plate armour (worn)
 y - a +2 pair of gloves (worn)
Jewellery
 q - an uncursed ring of wizardry
 r - an uncursed ring of protection from fire
 t - a ring of poison resistance (left hand)
 x - a ring of protection from fire (right hand)
Scrolls
 e - a scroll of immolation
 g - a scroll of magic mapping
 j - 2 scrolls of teleportation
 k - 4 scrolls of remove curse
 l - a scroll of enchant armour
 n - a scroll of amnesia
Potions
 f - a potion of invisibility
 h - 2 potions of heal wounds
 i - a potion of curing
 o - 2 potions of stabbing {unknown}
 p - 2 potions of flight
Books
 a - a manual of
Armour
 d - a manual of Shields


   Skills:
 * Level 8.5 Fighting
 * Level 9.7 Axes
 + Level 7.5 Armour
 + Level 7.5 Shields


You had 9 spell levels left.
You didn't know any spells.
Your spell library contained the following spells:

 Spells                   Type           Power        Failure   Level
 Apportation              Tloc           #.....       100%        1
 Lesser Beckoning         Tloc           #.........   100%        3
 Tukima's Dance           Hex            #.......     100%        3
 Alistair's Intoxication  Tmut/Pois      #........    100%        5
 Invisibility             Hex            #.......     100%        6


Dungeon Overview and Level Annotations

Branches:
Dungeon (7/15)             Temple (1/1) D:6          Bailey (visited)

Altars:
Ashenzari
Cheibriados
Dithmenos
Elyvilon
Fedhas
Gozag
Hepliaklqana
Kikubaaqudgha
Nemelex Xobeh
Okawaru
Qazlal
Ru
Sif Muna
Trog
Uskayaw
Vehumet
Wu Jian
Xom
Yredelemnul
Zin
The Shining One


Innate Abilities, Weirdness & Mutations

You are resistant to damage.
You can heal yourself by infusing magical energy.
You passively map the area around you.
You do not regenerate.


Message History

You hit the electric eel but do no damage.
The electric eel is severely wounded.
You hit the plant but do no damage. x2
Your unstable footing causes you to fumble your attack.
The electric eel shoots out a bolt of lightning at you!
The bolt of electricity hits you.
* * * LOW HITPOINT WARNING * * *
The bolt of electricity hits you!
* * * LOW HITPOINT WARNING * * *
The bolt of electricity hits the electric eel.
The electric eel completely resists.
Your unstable footing causes you to fumble your attack.
Your unstable footing causes you to fumble your attack.
You completely miss the electric eel.
The electric eel is severely wounded.
You hit the plant but do no damage. x2
Your unstable footing causes you to fumble your attack.
The electric eel shoots out a bolt of lightning at you!
The bolt of electricity hits you!
You die...

##....## #......## **
#.......# ,, , ,
#.......# .## *, ,
#......#* #.P≈ ≈*
.......# ≈≈≈≈ ≈ ..##..##
##♣♣♣≈≈≈≈♣ #####.##
#≈≈♣≈♣≈≈≈P ≈ # #..##
##♣♣P@≈≈P≈≈≈≈≈≈
######..# ##≈≈P≈P;≈≈≈≈≈≈
≈ * ...#
##.###≈♣P≈≈♣P≈≈≈≈≈≈ ≈≈ ≈
...# ##.##♣♣≈♣≈≈≈≈≈≈≈≈≈
≈≈ ≈ ...##
#..#♣≈≈≈≈≈≈P≈≈≈≈≈≈ ≈
....#
*#....≈≈≈≈≈≈P≈≈≈≈≈≈
≈≈≈≈≈ ....#
#...#..≈♣P≈≈≈≈≈≈≈≈
≈≈≈≈≈≈
....##.....##.♣≈≈≈≈≈P≈P≈
≈≈≈≈≈≈♣≈
....##.....#####≈♣♣♣♣≈P
≈ ≈P≈≈♣


You could see an electric eel.

Vanquished Creatures
  Edmund (D:4)
  Duvessa (D:5)
  11 orc warriors
  A sky beast (D:7)
  2 ice beasts
  2 phantoms (D:4)
  3 ogres
  10 centaurs
  A big kobold (D:7)
  Blork the orc (D:5)
  2 scorpions
  Dowan (D:5)
  6 killer bees (D:7)
  2 howler monkeys
  A bullfrog zombie (D:5)
  6 orc priests
  8 hounds
  A bullfrog skeleton (D:5)
  2 centaur skeletons (D:4)
  A gnoll shaman (D:6)
  6 orc wizards
  An iguana (D:5)
  5 worker ants
  2 hound zombies
  A hound skeleton (D:5)
  6 gnolls
  5 adders
  2 white imps
  2 ufetubi
  4 oozes
  An adder zombie (D:6)
  A worm (D:2)
  3 dart slugs
  4 leopard geckos
  44 orcs
  11 bats
  2 giant cockroaches
  10 goblins
  9 hobgoblins
  11 jackals
  2 quokkas
  3 ball pythons
  4 frilled lizards
  13 kobolds
  A quokka skeleton (D:7)
  7 rats
223 creatures vanquished.

Vanquished Creatures (others)
  An orc wizard (D:5)
  A plant (D:7)
2 creatures vanquished.

Grand Total: 225 creatures vanquished

Notes
Turn   | Place    | Note
-------+----------+-------------------------------------------
     0 | D:1      | applic the Deep Dwarf Fighter began the quest for the Orb.
     0 | D:1      | Reached XP level 1. HP: 20/20 MP: 1/1
    62 | D:1      | Reached XP level 2. HP: 27/27 MP: 2/2
   330 | D:1      | Reached XP level 3. HP: 30/34 MP: 3/3
   434 | D:2      | Reached skill level 3 in Axes
   439 | D:2      | Reached XP level 4. HP: 36/42 MP: 4/4
  1129 | D:2      | Found a hide-covered altar of Uskayaw.
  1346 | D:3      | Found a sparkling altar of Nemelex Xobeh.
  1484 | D:3      | Reached XP level 5. HP: 31/50 MP: 5/5
  1866 | D:3      | Reached skill level 4 in Axes
  1892 | D:3      | Found a stormy altar of Qazlal.
  1948 | D:4      | Noticed a phantom
  1956 | D:4      | Reached XP level 6. HP: 32/57 MP: 6/6
  2049 | D:4      | Reached skill level 5 in Axes
  2057 | D:4      | Reached XP level 7. HP: 45/66 MP: 6/6
  2085 | D:4      | Noticed Edmund
  2098 | D:4      | Killed Edmund
  2098 | D:4      | Reached skill level 5 in Fighting
  2191 | D:4      | Found an iron altar of Okawaru.
  2286 | D:4      | Reached skill level 5 in Armour
  2286 | D:4      | Reached skill level 5 in Shields
  2292 | D:4      | Reached skill level 6 in Axes
  2375 | D:4      | Reached XP level 8. HP: 43/75 MP: 7/7
  2541 | D:5      | Entered Level 5 of the Dungeon
  2928 | D:5      | Found a blossoming altar of Fedhas.
  3099 | D:5      | Noticed Blork the orc
  3101 | D:5      | Noticed Dowan
  3102 | D:5      | Noticed Duvessa
  3109 | D:5      | Killed Blork the orc
  3118 | D:5      | Killed Dowan
  3158 | D:5      | Killed Duvessa
  3181 | D:5      | Reached skill level 7 in Axes
  3618 | D:5      | Got a smoking whip
  3619 | D:5      | Identified the cursed +0 whip of Kah Inn {vorpal, Dex+4}
                  | (You found it on level 5 of the Dungeon)
  3662 | D:6      | Found a white marble altar of Elyvilon.
  3663 | D:6      | Found a shimmering blue altar of Sif Muna.
  3663 | D:6      | Found a shadowy altar of Dithmenos.
  3664 | D:6      | Found a sparkling altar of Nemelex Xobeh.
  3687 | D:6      | Found a staircase to the Ecumenical Temple.
  3696 | Temple   | Entered the Ecumenical Temple
  4060 | D:6      | Found a glowing silver altar of Zin.
  4078 | D:6      | Gained mutation: You passively map the area around you.
                  | [Deep Dwarf growth]
  4078 | D:6      | Reached XP level 9. HP: 45/85 MP: 8/8
  4453 | D:6      | Reached skill level 8 in Axes
  4475 | D:6      | Found a shattered altar of Ashenzari.
  4809 | D:7      | Found a flagged portal.
  4845 | Bailey   | Entered a bailey
  5036 | Bailey   | Reached skill level 9 in Axes
  5359 | Bailey   | Reached XP level 10. HP: 62/96 MP: 6/6
  6067 | D:7      | HP: 2/98 [electric eel/bolt of electricity (9)]
  6071 | D:7      | Killed from afar by an electric eel

Illustrated notes

Levels and vault maps discovered:
D:1:      co_arrival_square_in_a_square_in_a_square, layout_rooms
D:2:      layout_basic, marbit_many_paths
D:3:      layout_rooms, lemuel_coloured_pillars_altar,
          nemelex_xobeh_ov_fountains_minmay
D:4:      layout_rooms, kennysheep_mini_moat, uniq_edmund
D:5:      kennysheep_windowed_halls, layout_basic, fedhas_altar_1,
          uniq_blork_the_orc, uniq_duvessa
D:6:      layout_loops_ring, lemuel_round_altar, lemuel_round_altar,
          chequers_temple_overflow_statue_of_worship, minmay_temple_entry_waves
D:7:      layout_cave_pods, enter_bailey_3, serial_bayou_lake_a
Temple:   minmay_temple_bridge_abc

Skill      XL: |  1  2  3  4  5  6  7  8  9 |
---------------+----------------------------+-----
Fighting       | 3 4 5 6 8 |  8.5
Axes           | 3 4 5 6 7 9 |  9.7
Armour         | 4 5 6 7 |  7.5
Shields        | 4 5 6 7 |  7.5

Action                   |  1- 3 |  4- 6 |  7- 9 | 10-12 || total
-------------------------+-------+-------+-------+-------++-------
Melee: War axe           |    68 |   271 |    85 |       ||   424
       Hand axe          |       |       |   506 |   129 ||   635
 Abil: Heal Wounds       |       |     3 |    32 |     9 ||    44
  Use: Potion            |       |       |     8 |     3 ||    11
       Scroll            |       |       |    16 |     1 ||    17
 Stab: Invisible         |       |       |     4 |       ||     4
Armor: Scale mail        |    41 |     4 |       |       ||    45
       Chain mail        |       |   202 |   335 |    35 ||   572
       Crystal plate arm |       |       |       |     8 ||     8
Dodge: Dodged            |    30 |    65 |   208 |    23 ||   326
Block: Kite shield       |    45 |   181 |   433 |    94 ||   753

Table legend: (Time is in decaauts)
 A = Elapsed time spent in this place.
 B = Non-inter-level travel time spent in this place.
 C = Inter-level travel time spent in this place.
 D = Time resting spent in this place.
 E = Time spent auto-exploring this place.
 F = Levels seen in this place.
 G = Mean time per level.
                   A        B        C        D        E       F      G
               +--------+--------+--------+--------+--------+-----+--------+
         Total |   6247 |   5998 |    249 |    210 |   3258 |   9 |  694.1 |
       Dungeon |   4991 |   4742 |    249 |    208 |   2912 |   7 |  713.0 |
        Temple |    217 |    217 |      0 |      0 |    179 |   1 |  217.0 |
        Bailey |   1038 |   1038 |      0 |      1 |    167 |   1 | 1038.0 |
               +--------+--------+--------+--------+--------+-----+--------+

Top non-repeatable levels by time:
     D:5: 1093 daAuts
  Bailey: 1038 daAuts
     D:2: 945 daAuts
     D:6: 698 daAuts
     D:3: 671 daAuts
     D:4: 666 daAuts
     D:7: 473 daAuts
     D:1: 441 daAuts
  Temple: 217 daAuts
